 Dungeon Crawl Stone Soup version 0.21.0-24-g2553a3340b (webtiles) character file.

684 Principatus the Archer (level 7, -2/52 HPs)
             Began as a Centaur Arcane Marksman on Jan 19, 2018.
             Was an Initiate of Fedhas.
             Killed from afar by Dowan (28 damage)
             ... with a shard of ice
             ... on level 4 of the Dungeon.
             The game lasted 00:29:32 (6098 turns).

Principatus the Archer (Centaur Arcane Marksman)    Turns: 6098, Time: 00:29:32

Health: -2/52      AC:  6    Str: 13    XL:     7   Next: 35%
Magic:  7/9        EV:  8    Int: 13    God:    Fedhas [......]
Gold:   174        SH:  0    Dex: 10    Spells: 5/8 levels left

rFire    . . .     SeeInvis .   a - +0 shortbow
rCold    . . .     Gourm    .   (shield currently unavailable)
rNeg     . . .     Faith    .   j - +0 ring mail (curse)
rPois    .         Spirit   .   B - +0 helmet
rElec    .         Reflect  .   (no cloak)
rCorr    .         Harm     .   (no gloves)
MR       .....                  (no barding)
Stlth    ..........             (no amulet)
HPRegen  0.17/turn              (no ring)
MPRegen  0.11/turn              (no ring)

@: very quick
A: large, hooves 3, deformed body, speed 2, tough skin 3
a: Fungal Bloom, Renounce Religion


You were on level 4 of the Dungeon.
You worshipped Fedhas.
Fedhas was noncommittal.
You were very hungry.

You visited 1 branch of the dungeon, and saw 6 of its levels.

You collected 174 gold pieces.

Inventory:

Hand Weapons
 a - a +0 shortbow (weapon)
 b - a +0 hunting sling
 d - a +1 short sword of venom
 y - a +2 dire flail of protection
Missiles
 g - 54 arrows (quivered)
 h - 106 stones
 u - 9 sling bullets
 C - a throwing net
Armour
 e - a +0 robe
 j - a cursed +0 ring mail (worn)
 B - a +0 helmet (worn)
Jewellery
 i - an uncursed ring of positive energy {unknown}
 k - an uncursed ring of wizardry {unknown}
 p - an uncursed ring of positive energy {unknown}
Wands
 v - a wand of disintegration (16)
Scrolls
 l - 3 scrolls of amnesia
 m - a scroll of identify
 q - a scroll of fear {unknown}
 x - a scroll of magic mapping {unknown}
 A - a scroll of teleportation
Potions
 n - 2 potions of curing
 o - a potion of mutation
 r - 2 potions of degeneration
 s - a potion of agility
 t - a potion of brilliance
 w - a potion of heal wounds {unknown}
 z - a potion of berserk rage {unknown}
Books
 c - a book of Debilitation

   Spells                             Type                      Level
   a - Corona                         Hexes                        1
   b - Slow                           Hexes                        2
   c - Inner Flame                    Hexes/Fire                   3
   d - Portal Projectile              Hexes/Translocation          3
   e - Cause Fear                     Hexes                        4
   f - Leda's Liquefaction            Hexes/Earth                  4
Comestibles
 f - 8 rations
 D - a chunk of flesh


   Skills:
 - Level 1.0 Fighting
 * Level 8.3 Bows
 - Level 1.3 Dodging
 - Level 1.0 Spellcasting
 + Level 4.7 Hexes
 + Level 3.3 Invocations


You had 5 spell levels left.
You knew the following spells:

 Your Spells              Type           Power        Failure   Level  Hunger
a - Corona                Hex            ##.....      9%          1    ##.....
b - Slow                  Hex            ##......     14%         2    ###....


Dungeon Overview and Level Annotations

Branches:
Dungeon (6/15)
 Temple: D:4-7

Altars:
Dithmenos
Elyvilon
Fedhas
Nemelex Xobeh
Qazlal
Uskayaw
Zin

Annotations:
D:4 Dowan, Sigmund


Innate Abilities, Weirdness & Mutations

You have hooves in place of feet.
Armour fits poorly on your strangely shaped body.
You cover ground very quickly.
You have extremely tough skin. (AC +3)


Message History

Dowan is no longer moving slowly.
Dowan closely misses you.
Dowan casts a spell.
Dowan blinks!
Wield which item (- for none, * to show all)? (? for menu, Esc to quit)
Your +1 short sword of venom stops dripping with poison.
a - a +0 shortbow (weapon)
You are too injured to fight recklessly!
Firing (i - inventory. (,) - cycle):
g - 56 arrows (quivered)
Press: ? - help, Shift-Dir - straight line, f/p - Dowan
Aim: Dowan, wielding a dagger and wearing a runed robe (fast, poisoned)
You shoot an arrow. The arrow closely misses Dowan.
Firing (i - inventory. (,) - cycle):
g - 55 arrows (quivered)
Press: ? - help, Shift-Dir - straight line, f/p - Dowan
Aim: Dowan, wielding a dagger and wearing a runed robe (lightly wounded, fast, poisoned)
You shoot an arrow. The arrow closely misses Dowan.
Dowan casts a spell at you. The shard of ice hits you!
Ouch! That really hurt!
You die...
Fedhas appreciates your contribution to the ecosystem.

...).#####....#.### #..#.##.##.
##########........#####.......##.
#.....#.#.e..........(.....
#...........######.#######.
#..#.##.##### #(# #. #.....e##
#(# #. #####.>###.# #.# #.
###......# #.###########.# #.
....###..###(.e(@.(..)...# #(
##### #.[([..############## #.
#..#.### #......######. #..#.#
#.####(..e..(( #..#.# #.#
######### #######..#[# #.#
.........#.#########.#
########.#....((.....#
.........#############


You could see Dowan.

Vanquished Creatures
  Edmund (D:3)
  Duvessa (D:4)
  A phantom (D:4)
  An ogre (D:4)
  3 orc wizards (D:4)
  A worker ant (D:4)
  7 adders
  3 oozes
  4 worms
  5 dart slugs
  5 leopard geckos
  5 orcs
  6 giant cockroaches
  10 goblins
  3 hobgoblins
  3 jackals
  4 quokkas
  2 ball pythons
  9 bats
  12 frilled lizards
  3 kobolds
  6 rats
95 creatures vanquished.

Vanquished Creatures (others)
  A leopard gecko (D:4)
  A quokka (D:4)
  10 toadstools
12 creatures vanquished.

Grand Total: 107 creatures vanquished

Notes
Turn   | Place    | Note
-------+----------+-------------------------------------------
     0 | D:1      | Principatus the Centaur Arcane Marksman began the quest for the Orb.
     0 | D:1      | Reached XP level 1. HP: 16/16 MP: 2/2
   118 | D:1      | Reached skill level 3 in Bows
   163 | D:1      | Reached XP level 2. HP: 21/23 MP: 3/3
   477 | D:1      | Reached skill level 4 in Bows
   776 | D:1      | Reached XP level 3. HP: 25/28 MP: 4/4
  1715 | D:2      | Reached skill level 5 in Bows
  1715 | D:2      | Reached XP level 4. HP: 31/35 MP: 3/5
  2191 | D:2      | Found a blossoming altar of Fedhas.
  2200 | D:2      | Became a worshipper of Fedhas Madash
  2204 | D:2      | Learned a level 2 spell: Slow
  2212 | D:2      | Found a faded altar of an unknown god.
  3403 | D:3      | Reached XP level 5. HP: 31/40 MP: 6/6
  3771 | D:3      | You fall through a shaft for 3 floors!
  3782 | D:6      | Found a stormy altar of Qazlal.
  3782 | D:6      | Found a sparkling altar of Nemelex Xobeh.
  3792 | D:5      | Entered Level 5 of the Dungeon
  3795 | D:5      | Found a shadowy altar of Dithmenos.
  3844 | D:5      | Noticed a sky beast
  3860 | D:4      | Noticed Sigmund
  4145 | D:4      | Found a white marble altar of Elyvilon.
  4152 | D:4      | Found a hide-covered altar of Uskayaw.
  4152 | D:4      | Reached skill level 6 in Bows
  4159 | D:4      | Noticed Edmund
  4223 | D:3      | Killed Edmund
  4223 | D:3      | Reached skill level 1 in Invocations
  4223 | D:3      | Reached XP level 6. HP: 34/47 MP: 7/7
  4595 | D:4      | Found a glowing silver altar of Zin.
  4755 | D:4      | Reached skill level 7 in Bows
  5410 | D:4      | Reached XP level 7. HP: 17/52 MP: 6/9
  5910 | D:4      | Reached skill level 8 in Bows
  5936 | D:5      | Noticed Duvessa
  5936 | D:5      | Noticed Dowan
  6063 | D:4      | Killed Duvessa
  6098 | D:4      | Killed from afar by Dowan

Skill      XL: |  1  2  3  4  5  6  7 |
---------------+----------------------+-----
Bows           | 3 4 5 6 7 8 |  8.3
Hexes          | 3 4 |  4.7
Invocations    | 1 2 3 |  3.3
Fighting       | |  1.0
Dodging        | |  1.3
Spellcasting   | |  1.0

Action                   |  1- 3 |  4- 6 |  7- 9 || total
-------------------------+-------+-------+-------++-------
Melee: Short sword       |    64 |   122 |     5 ||   191
       Kick              |     9 |    24 |       ||    33
       Dire flail        |       |    33 |       ||    33
 Fire: Shortbow          |    37 |    23 |    42 ||   102
       Hunting sling     |       |    92 |       ||    92
Throw: Stone             |     8 |     6 |     2 ||    16
 Cast: Corona            |     3 |       |       ||     3
       Slow              |       |     8 |     5 ||    13
Invok: Fungal Bloom      |       |    11 |     1 ||    12
  Use: Scroll            |       |     7 |       ||     7
       Potion            |       |     1 |       ||     1
  Eat: Chunk             |     1 |     8 |     1 ||    10
       Ration            |       |     1 |       ||     1
Armor: Robe              |     4 |       |       ||     4
       Ring mail         |    17 |    76 |     6 ||    99
Dodge: Dodged            |    27 |    77 |     6 ||   110
